 Dungeon Crawl Stone Soup version 0.22-a0-479-gc6e99f3 (webtiles) character file.

18 Gildeon the Shield-Bearer (level 2, -4/19 HPs)
             Began as a Gargoyle Fighter on June 14, 2018.
             Slain by a gnoll
             ... wielding a +0 whip of draining
              (8 damage)
             ... on level 1 of the Dungeon.
             The game lasted 00:04:56 (423 turns).

Gildeon the Shield-Bearer (Gargoyle Fighter)         Turns: 423, Time: 00:04:57

Health: -4/19      AC:  9    Str: 24    XL:     2   Next: 66%
Magic:  2/2        EV:  7    Int:  8    God:
Gold:   39         SH:  9    Dex:  9    Spells: 1/1 levels left

rFire    . . .     SeeInvis .   a - +0 flail
rCold    . . .     Gourm    .   c - +0 shield
rNeg     + . .     Faith    .   b - +0 scale mail
rPois    ∞         Spirit   .   (no helmet)
rElec    +         Reflect  .   (no cloak)
rCorr    .         Harm     .   (no gloves)
MR       .....                  (no boots)
Stlth    ..........             (no amulet)
HPRegen  0.06/turn              (no ring)
MPRegen  0.08/turn              (no ring)

@: mighty
A: negative energy resistance 1, electricity resistance, unbreathing,
petrification resistance, rot immunity, AC +2
a: no special abilities


You were on level 1 of the Dungeon.
You were not hungry.

You visited 1 branch of the dungeon, and saw 1 of its levels.

You collected 39 gold pieces.

Inventory:

Hand Weapons
 a - a +0 flail (weapon)
Armour
 b - a +0 scale mail (worn)
 c - a +0 shield (worn)
Scrolls
 e - a scroll of remove curse {unknown}
 h - a scroll of identify {unknown}
Comestibles
 f - 2 rations


   Skills:
 - Level 3.2 Fighting
 + Level 3.1 Maces & Flails
 - Level 3.2 Armour
 - Level 3.2 Shields


You had one spell level left.
You didn't know any spells.
Your spell library was empty.

Dungeon Overview and Level Annotations

Branches:
Dungeon (1/15)

Altars:


Innate Abilities, Weirdness & Mutations

You are resistant to torment.
Your stone body is resilient. (AC +2)
You are immune to poison.
You resist negative energy. (rN+)
You are resistant to electric shocks. (rElec)
You can survive without breathing.
You are immune to petrification.
You are immune to rotting.


Message History

You hit the gnoll but do no damage. The gnoll hits you but does no damage.
You barely miss the gnoll.
The gnoll hits you with a whip of draining.
You block the gnoll's attack.
You closely miss the gnoll. The gnoll barely misses you.
You hit the gnoll.
The gnoll is heavily wounded.
The gnoll hits you with a whip of draining!
* * * LOW HITPOINT WARNING * * *
You hit the gnoll but do no damage.
The gnoll is heavily wounded.
You block the gnoll's attack. x2
You hit the gnoll but do no damage.
The gnoll is heavily wounded.
You block the gnoll's attack.
Okay, then.
Okay, then.
You feel very mighty all of a sudden.
The gnoll hits you with a whip of draining!
You die...

# #. #.. #.#. .!#
### #.#..#.. ..#
....... #.# #..#.#
#.# ####....# #.#
#......l# ###.#####
.#g# ........#
##.#@# .##.###.#
#..#.# ....# #.##
#.##.# ..###
#.##.##.##.# ..#
#.##.......#
..#####.#####...####
...................+
..###.#######...####
...##. #..##


You could see a gnoll and a frilled lizard.

Vanquished Creatures
  A leopard gecko (D:1)
  3 goblins (D:1)
  3 jackals (D:1)
  4 bats (D:1)
  2 kobolds (D:1)
  4 rats (D:1)
17 creatures vanquished.

Notes
Turn   | Place    | Note
-------+----------+-------------------------------------------
     0 | D:1      | Gildeon the Gargoyle Fighter began the quest for the Orb.
     0 | D:1      | Reached XP level 1. HP: 14/14 MP: 1/1
    95 | D:1      | Reached XP level 2. HP: 15/19 MP: 2/2
   423 | D:1      | Slain by a gnoll

Vault maps used:
D:1:      dpeg_arrival_arbitrary_c

Skill      XL: |  1  2 |
---------------+-------+-----
Maces & Flails | 3 |  3.1
Fighting       | |  3.2
Armour         | |  3.2
Shields        | |  3.2

Action                   || total
-------------------------++-------
Melee: Flail             ||    75
  Use: Potion            ||     1
Armor: Scale mail        ||    41
Dodge: Dodged            ||    25
Block: Shield            ||    60

Table legend:
 A = Spawn XP
 B = Non-spawn XP
 C = Spawn XP percentage of total XP
 D = Spawn monster count
 E = Non-spawn monster count
 F = Spawn count percentage of total count
 G = Total turns spent on level
                    A         B        C        D         E        F      G
               +---------+---------+-------+---------+---------+-------+---------
         Total |       0 |      26 |   0.0 |       0 |      17 |   0.0 |   423
               +---------+---------+-------+---------+---------+-------+---------
           D:1 |       0 |      26 |   0.0 |       0 |      17 |   0.0 |   423
               +---------+---------+-------+---------+---------+-------+---------
